 Dungeon Crawl Stone Soup version 0.27.0-1-g7a089689b8 (webtiles) character file.

Game seed: 628568795337709674

18503 sasquatch the Martial Artist (level 12, 0/94 (97) HPs)
             Began as a Demonspawn Gladiator on Aug 4, 2021.
             Was a Believer of Makhleb.
             Slain by a soul eater (11 damage)
             ... on level 2 of the Abyss.
             The game lasted 00:43:45 (12890 turns).

sasquatch the Martial Artist (DsGl)                Turns: 12890, Time: 00:43:46

HP:   0/94 (97)     AC: 13    Str: 23    XL:     12   Next: 28%
MP:   14/14         EV: 12    Int:  9    God:    Makhleb [**....]
Gold: 533           SH:  4    Dex: 16    Spells: 11/11 levels left

rFire    + . .     SeeInvis .     - Unarmed
rCold    . . .     Faith    .   (no shield)
rNeg     . . .     Spirit   .   D - +4 ring mail {rF+}
rPois    .         Reflect  .   (helmet restricted)
rElec    .         Harm     .   O - scarf {shadows}
rCorr    .         Rampage  .   (no gloves)
Will     .....                  (no boots)
Stlth    ++........             (no amulet)
HPRegen  0.25/turn              I - +6 ring of strength
MPRegen  0.14/turn              N - +6 ring of strength

@: lightly drained
A: antennae 2, claws 2, hooves 2, icemail 1, powered by pain 1, condensation
shield, [clumsy 2], [weak 2]
a: Renounce Religion, Minor Destruction


You were on level 2 of the Abyss.
You worshipped Makhleb.
Makhleb was pleased with you.
You visited 1 branch of the dungeon, and saw 8 of its levels.
You visited the Abyss 2 times.
You also visited: Ossuary.

You collected 613 gold pieces.
You spent 80 gold pieces at shops.

Inventory:

Hand Weapons
 t - a +4 spear of venom
 u - the +5 mace "Eviscerator" {elec, rC+ Int+4}
   (You found it on level 7 of the Dungeon)

   It occasionally discharges a powerful burst of electricity upon striking a
   foe.
   Int:       It affects your intelligence (+4).
   rC:        It protects you from cold.
 J - a +2 dagger of venom
Missiles
 x - 2 boomerangs (quivered)
 K - 5 poisoned darts
Armour
 l - a +0 scale mail
 r - a scarf of resistance
 A - a +0 chain mail
 B - a +1 plate armour
 D - a +4 ring mail of fire resistance (worn)
 G - a +0 troll leather armour
 O - a scarf of shadows (worn)
Jewellery
 k - a ring of fire
 I - a +6 ring of strength (left claw)
 N - a +6 ring of strength (right claw)
Wands
 p - a wand of iceblast (17)
 y - a wand of charming (7)
 H - a wand of mindburst (10)
Scrolls
 e - a scroll of immolation
 f - a scroll of blinking
 g - a scroll of vulnerability {unknown}
 h - a scroll of teleportation
 n - 3 scrolls of magic mapping
 o - a scroll of torment {unknown}
 q - a scroll of amnesia {unknown}
 w - 5 scrolls of enchant armour
 M - a scroll of fog {unknown}
 P - a scroll of holy word {unknown}
Potions
 a - a potion of attraction
 b - a potion of flight
 d - 3 potions of curing
 i - 2 potions of cancellation
 j - 3 potions of heal wounds
 m - 2 potions of invisibility
 s - a potion of mutation
 v - a potion of might {unknown}
 z - 2 potions of degeneration {unknown}
 C - a potion of brilliance {unknown}
 E - 2 potions of haste
 L - a potion of berserk rage {unknown}
Miscellaneous
 F - a condenser vane


   Skills:
 - Level 10.0 Fighting
 - Level 1.7 Throwing
 - Level 2.6 Dodging
 + Level 5.3 Stealth
 - Level 12.3 Shields
 - Level 12.7 Unarmed Combat
 - Level 2.7 Invocations


You had 11 spell levels left.
You didn't know any spells.
Your spell library contained the following spells:

 Spells                   Type           Power      Damage    Failure   Level
 Static Discharge         Conj/Air       0%         N/A       69%         2
 Cause Fear               Hex            0%         N/A       100%        4
 Dispel Undead            Necr           0%         3d6       100%        4
 Sticky Flame             Conj/Fire      0%         2d3       100%        4
 Dragon Form              Tmut           0%         N/A       100%        7
 Dragon's Call            Summ           0%         N/A       100%        9


Dungeon Overview and Level Annotations

Branches:
Dungeon (8/15)             Temple (0/1) D:4         Ossuary (visited)
   Lair: D:8-11

Altars:
Elyvilon
Makhleb
Okawaru
Wu Jian
Xom
Yredelemnul
Zin

Shops:
D:1 ?

Annotations:
D:7 2 transporters, Phlounder's ghost, novice DjFE
D:8 exclusion: door


Innate Abilities, Weirdness & Mutations

You have a pair of antennae on your head.
You have very sharp fingernails.
You have hoof-like feet.
A meltable icy envelope protects you from harm. (AC +4)
You sometimes gain a little power by taking damage.
A meltable shield of frost defends you. (SH +4)
[You are very clumsy. (Dex -4)]
[You are very weak. (Str -4)]


Message History

The throwing net closely misses the soul eater.
The soul eater draws from the surrounding life force!
* * * LOW HITPOINT WARNING * * *
The soul eater is healed.
Throw: throwing net
Press: ? - help, Q - select action, (/) - cycle Shift-Dir - straight line, f/p - soul eater
Aim: a soul eater (severely wounded, 65% to hit)
You throw a throwing net.
The throwing net closely misses the soul eater.
The soul eater hits you!
* * * LOW HITPOINT WARNING * * *
You scratch the soul eater but do no damage.
You kick the soul eater, but do no damage.
The soul eater is severely wounded.
Okay, then.
You closely miss the soul eater.
You kick the soul eater, but do no damage.
The soul eater is severely wounded.
The soul eater hits you but does no damage.
You block the small abomination's attack.
You scratch the soul eater. Your kick misses the soul eater.
You claw the soul eater.
The soul eater is almost dead.
The soul eater hits you but does no damage.
The small abomination hits you.
* * * LOW HITPOINT WARNING * * *
You closely miss the soul eater.
The soul eater is almost dead.
The soul eater closely misses you.
You scratch the soul eater.
You kick the soul eater, but do no damage.
The soul eater is almost dead.
The small abomination hits you.
* * * LOW HITPOINT WARNING * * *
You scratch the soul eater but do no damage.
You kick the soul eater, but do no damage.
The soul eater is almost dead.
The small abomination hits you but does no damage.
The soul eater hits you!
You die...

# ...... .. #
. ... . . #..
..... ####. #
### # #
#.##### # #.#
#.#
#.#.##.###..#
###..#.#...
..# #
.###..###.
... . ##(3@#
# .#. #
###.x...#
###..#.# ##.#
. ... .... .
####


You could see a soul eater and a small abomination.

Vanquished Creatures
  A tentacled starspawn (Abyss:2)
  A two-headed ogre (D:8)
  2 thrashing horrors (Abyss:2)
  An orange demon (Abyss:2)
  Maggie (D:7)
  2 smoke demons (Abyss:2)
  3 trolls
  A hornet (D:7)
  A slime creature (D:7)
  A steam dragon (D:8)
  3 large abominations
  A golden eye (Abyss:2)
  An orc warrior (D:6)
  A hornet zombie (D:7)
  A necrophage (D:7)
  2 black bears
  A sky beast (D:8)
  4 ogres
  5 centaurs
  A phantom (D:6)
  A kobold brigand (D:8)
  A wyvern zombie (D:6)
  A gnoll sergeant (D:4)
  An elf zombie (Ossuary)
  3 scorpions (D:6)
  A wyvern skeleton (D:7)
  4 small abominations
  A water moccasin skeleton (D:3)
  3 wights (D:7)
  A bullfrog zombie (D:6)
  2 centaur zombies
  A jelly (D:6)
  3 hounds (D:5)
  2 orc priests
  3 bullfrog skeletons
  An iguana (D:4)
  3 orc wizards
  2 hound zombies (D:5)
  4 mummies (Ossuary)
  A howler monkey zombie (D:8)
  12 gnolls
  10 adders
  2 shadow imps (D:7)
  3 ufetubi
  2 adder zombies (Ossuary)
  A worm (D:2)
  A dart slug (D:1)
  13 orcs
  4 bats (D:2)
  7 endoplasms
  5 giant cockroaches
  A gnoll zombie (Ossuary)
  8 goblins
  6 hobgoblins
  5 jackals (D:2)
  4 quokkas
  3 ball pythons
  3 frilled lizards
  A goblin zombie (Ossuary)
  2 hobgoblin zombies (Ossuary)
  A jackal zombie (Ossuary)
  5 kobolds
  2 kobold zombies (Ossuary)
  An orc zombie (Ossuary)
  8 rats
  A rat zombie (Ossuary)
  A starspawn tentacle (Abyss:2)
185 creatures vanquished.

Vanquished Creatures (others)
  2 fungi (D:1)
  6 plants (D:2)
  10 starspawn tentacles (Abyss:2)
  4 toadstools (D:1)
22 creatures vanquished.

Grand Total: 207 creatures vanquished

Notes
Turn   | Place    | Note
-------+----------+-------------------------------------------
     0 | D:1      | sasquatch the Demonspawn Gladiator began the quest for the
                  | Orb.
     0 | D:1      | Reached XP level 1. HP: 16/16 MP: 1/1
   338 | D:1      | Gained mutation: You have sharp fingernails. [demonic
                  | ancestry]
   338 | D:1      | Reached XP level 2. HP: 17/21 MP: 2/2
   845 | D:1      | Found Vikhle's Magic Scroll Shoppe.
   856 | D:1      | Bought a scroll of teleportation for 30 gold pieces
   856 | D:1      | Bought a scroll of teleportation for 30 gold pieces
   856 | D:1      | Bought a scroll of identify for 20 gold pieces
  1282 | D:2      | Gained mutation: You have very sharp fingernails. [demonic
                  | ancestry]
  1282 | D:2      | Reached XP level 3. HP: 18/28 MP: 3/3
  2130 | D:2      | Gained mutation: You have a pair of small antennae on your
                  | head. [demonic ancestry]
  2130 | D:2      | Reached XP level 4. HP: 30/35 MP: 4/4
  2685 | D:3      | Reached XP level 5. HP: 27/41 MP: 5/5
  3209 | D:3      | Reached skill level 5 in Unarmed Combat
  3310 | D:3      | Found a faded altar of an unknown god.
  4159 | D:4      | Gained mutation: A meltable shield of frost defends you.
                  | (SH +4) [demonic ancestry]
  4159 | D:4      | Reached XP level 6. HP: 47/48 MP: 6/6
  4525 | D:4      | Found a burning altar of Makhleb.
  4525 | D:4      | Found an ornate altar of the Wu Jian Council.
  4529 | D:4      | Became a worshipper of Makhleb the Destroyer
  5083 | D:4      | Found a staircase to the Ecumenical Temple.
  5163 | D:5      | Entered Level 5 of the Dungeon
  5766 | D:5      | Gained mutation: You sometimes gain a little power by
                  | taking damage. [demonic ancestry]
  5766 | D:5      | Reached XP level 7. HP: 49/55 MP: 7/7
  5932 | D:4      | Reached skill level 5 in Fighting
  6158 | D:5      | Found a shimmering altar of Xom.
  7161 | D:6      | Found an iron altar of Okawaru.
  7252 | D:6      | Gained mutation: You have large cloven feet. [demonic
                  | ancestry]
  7252 | D:6      | Reached XP level 8. HP: 64/64 MP: 8/8
  7527 | D:6      | Found a basalt altar of Yredelemnul.
  8328 | D:7      | Found a sand-covered staircase.
  8337 | Ossuary  | Entered an ossuary
  8339 | Ossuary  | Reached * piety under Makhleb
  8682 | D:7      | Identified the +5 mace "Eviscerator" {elec, rC+ Int+4}
  8682 | D:7      | Noticed a troll
  8682 | D:7      | Noticed a troll
  8691 | D:7      | Killed a troll
  8694 | D:7      | Killed a troll
  8738 | D:7      | Noticed a slime creature
  8746 | D:7      | Killed a slime creature
  8747 | D:7      | Gained mutation: You have a pair of antennae on your head.
                  | [demonic ancestry]
  8747 | D:7      | Reached XP level 9. HP: 60/72 MP: 9/9
  8753 | D:7      | Noticed a cyclops
  8885 | D:7      | Noticed a troll
  9020 | D:6      | Killed a troll
  9188 | D:7      | Noticed a queen bee
  9257 | D:7      | Found a transporter.
  9307 | D:7      | Reached skill level 10 in Unarmed Combat
  9338 | D:7      | Paralysed by a hornet for 2 turns
  9524 | D:7      | Gained mutation: You have hoof-like feet. [demonic
                  | ancestry]
  9524 | D:7      | Reached XP level 10. HP: 80/80 MP: 10/10
  9525 | D:7      | Reached XP level 11. HP: 89/89 MP: 11/11
  9640 | D:7      | Reached ** piety under Makhleb
  9952 | D:7      | Noticed Phlounder's ghost (novice DjFE)
  9980 | D:7      | Found a transporter.
 10050 | D:7      | Noticed Maggie
 10069 | D:7      | Killed Maggie
 10691 | D:8      | Found the +5 robe of Misfortune {Contam Harm *Corrode Drain
                  | *Slow EV+5}
 10691 | D:8      | Noticed a wizard
 10715 | D:8      | Cast into level 2 of the Abyss (a wizard)
 10730 | Abyss:2  | Found a snail-covered altar of Cheibriados.
 10732 | Abyss:2  | Noticed a tentacled starspawn
 10768 | Abyss:2  | Killed a tentacled starspawn
 10792 | Abyss:2  | Reached skill level 1 in Stealth
 10907 | Abyss:2  | Noticed a starcursed mass
 11070 | Abyss:2  | Noticed a wretched star
 11081 | Abyss:2  | Noticed a thrashing horror
 11086 | Abyss:2  | Killed a thrashing horror
 11087 | Abyss:2  | Gained mutation: A meltable icy envelope protects you from
                  | harm. (AC +4) [demonic ancestry]
 11087 | Abyss:2  | Reached XP level 12. HP: 54/97 MP: 12/12
 11094 | Abyss:3  | Found a corrupted altar of Lugonu.
 11199 | Abyss:3  | Noticed a starcursed mass
 11216 | D:8      | Escaped the Abyss
 11645 | D:8      | Reached skill level 10 in Fighting
 11658 | D:8      | Noticed a two-headed ogre
 11671 | D:8      | Killed a two-headed ogre
 11818 | D:8      | Cast into level 2 of the Abyss (a wizard)
 11915 | Abyss:2  | Noticed a starcursed mass
 11971 | Abyss:2  | Noticed a tentacled starspawn
 12172 | Abyss:2  | Noticed a deep elf demonologist
 12175 | Abyss:2  | Noticed a starcursed mass
 12176 | Abyss:2  | Noticed a deep elf elementalist
 12243 | Abyss:2  | Noticed a cacodemon
 12344 | Abyss:2  | Noticed a dread lich
 12358 | Abyss:2  | Noticed a starcursed mass
 12586 | Abyss:2  | Noticed a starcursed mass
 12651 | Abyss:2  | Reached skill level 5 in Stealth
 12890 | Abyss:2  | Slain by a soul eater

Illustrated notes

Levels and vault maps discovered:
D:1:      minmay_arrival_up_and_down, layout_loops_ring, serial_shops, shop,
          minmay_gold_behind_fungi
D:2:      minmay_evil_eye, layout_basic, serial_forest,
          infiniplex_forest_lined_3, infiniplex_forest_join,
          infiniplex_forest_clump_curved, infiniplex_forest_lined_1,
          infiniplex_forest_straight_4, infiniplex_forest_lined_room_,
          infiniplex_forest_clump_C, hangedman_decor_opposing
D:3:      layout_basic, lemuel_crystal_altar, ebering_ecumenical_altar_abandoned
D:4:      layout_basic, gammafunk_temple_overflow_wave,
          minmay_temple_entry_poolview, serial_glass, glass_columns_a,
          glass_columns_a, glass_columns_a, glass_columns_a, glass_columns_c,
          glass_columns_b, glass_columns_c, glass_columns_b, glass_columns_a,
          glass_columns_b
D:5:      layout_rooms, lemuel_tele_altar, nicolae_overflow_crystal_walls
D:6:      layout_loops_cross, kennysheep_mini_moat, lemuel_round_altar
D:7:      minmay_the_grid_octo_triangle [minmay_the_grid_octo_chip,
          minmay_the_grid_octo_prize_single_spiral,
          minmay_the_grid_octo_toaster], layout_basic, gammafunk_ghost_hive,
          enter_ossuary_1, uniq_maggie
D:8:      cheibrodos_wizards_tower, layout_gridville
Abyss:2:  base: D:4, base: D:8, evilmike_abyss_exit_8,
          gammafunk_corrupted_shrine, hangedman_abyss_feature_spike

Skill      XL: |  1  2  3  4  5  6  7  8  9 10 11 12 |
---------------+-------------------------------------+-----
Unarmed Combat | 3 4 5 6 7 9 10 11 12 | 12.7
Fighting       | 3 4 5 7 8 9 10 | 10.0
Shields        | 12 | 12.3
Stealth        | 2 5 |  5.3
Invocations    | 2 |  2.7
Throwing       | |  1.7
Dodging        | |  2.6

Action                   |  1- 3 |  4- 6 |  7- 9 | 10-12 || total
-------------------------+-------+-------+-------+-------++-------
Melee: Unarmed           |   153 |   179 |   184 |   149 ||   665
       Punch             |     1 |     3 |    12 |    10 ||    26
       Spear             |       |       |    20 |       ||    20
       Kick              |       |       |    52 |    72 ||   124
Throw: Throwing net      |       |       |     4 |     8 ||    12
       Boomerang         |       |       |     1 |       ||     1
Evoke: Wand              |       |     1 |    13 |     4 ||    18
  Use: Scroll            |       |     7 |    10 |     7 ||    24
       Potion            |       |     1 |     1 |     3 ||     5
 Stab: Sleeping          |     1 |       |       |       ||     1
       Paralysed         |       |       |     9 |       ||     9
       Held in net/web   |       |       |     3 |     3 ||     6
       Distracted        |       |       |       |     1 ||     1
Armor: Leather armour    |    21 |       |       |       ||    21
       Scale mail        |    22 |    60 |    72 |     1 ||   155
       Ring mail         |       |       |       |    39 ||    39
Dodge: Dodged            |    73 |    75 |   102 |    60 ||   310
Block: Other             |       |    13 |    37 |    17 ||    67
